AoeStats
← Bibi-7711

Arabia

509662934Analyzed
2v2 RM · 5d ago on Sep 27, 2026· 17m 33s· 4 players
Game mode
Random Map
Map size
Medium (4 player)
Population
200
Speed
Normal
Resources
Standard
Victory
Conquest
Starting age
Dark Age
Ending age
Imperial Age
RankedLock teamsTeams togetherTeam positionsShared explorationLock speedFull tech treeHidden civsTurbo modeCheats
Victory
Defeat
🇫🇷 Britons · France
953
+15
🇱🇹 Saxons · Lithuania
948
+15
🇧🇪 Franks · Belgium
1000
-55
🇧🇪 Slavs · Belgium
860
-12
Bibi-7711
11:03 Feudal Age
mesrine7711
12:06 Feudal Age
17:13 Castle Age
IgNi
6:24 Loom
9:10 Feudal Age
10:14 Double-Bit Axe
10:11 Horse Collar
15:37 Fletching
Neirdarix
3:04 Loom
10:28 Feudal Age
14:17 Wheelbarrow
13:30 Double-Bit Axe
13:57 Horse Collar
14:46 Padded Archer Armor
14:37 Fletching
Connection lost

Rejoining the realm…

Still unreachable

The connection could not be restored.

Session expired

The server has moved on; the page needs a fresh start.